 Dungeon Crawl Stone Soup version 0.19-a0-291-ga637243 (webtiles) character file.

1075 ololoev the Cleaver (level 8, -3/70 HPs)
             Began as a Hill Orc Fighter on May 27, 2016.
             Was a Priest of Makhleb.
             Slain by a killer bee (7 damage)
             ... on level 7 of the Dungeon.
             The game lasted 00:08:39 (4574 turns).

ololoev the Cleaver (Hill Orc Fighter)              Turns: 4574, Time: 00:08:40

Health: -3/70      AC:  9    Str: 19    XL:     8   Next: 29%
Magic:  11/11      EV:  9    Int: 10    God:    Makhleb [***...]
Gold:   127        SH:  0    Dex: 15    Spells: 0 memorised, 7 levels left

rFire  . . .     SeeInvis +     a - +0 war axe
rCold  . . .     Gourm    .     b - +0 scale mail
rNeg   . . .     Faith    .     (no shield)
rPois  .         Spirit   .     (helmet restricted)
rElec  .         Dismiss  .     o - -1 cloak (curse)
rCorr  .         Reflect  .     q - +0 pair of gloves
SustAt .         Harm     .     (no boots)
MR     .....                    (no amulet)
Stlth  ..........               r - ring "Weblimev" {Wiz Int+2 Dex+5 SInv}
                                (no ring)

@: lethally poisoned (-3 -> -10), not resistant to hostile enchantments,
extremely unstealthy
A: antennae 1, slow regeneration 1, weak 1
a: Minor Destruction, Lesser Servant of Makhleb, Renounce Religion


Innate Abilities, Weirdness & Mutations

You have a pair of small antennae on your head.
You regenerate slowly when monsters are visible.
You are weak. (Str -2)

Inventory:

Hand Weapons
 a - a +0 war axe (weapon)
Armour
 b - a +0 scale mail (worn)
 l - a +0 cloak
 o - a cursed -1 cloak (worn)
 q - a +0 pair of gloves (worn)
Jewellery
 r - the ring "Weblimev" (right hand) {Wiz Int+2 Dex+5 SInv}
   (You found it in an ossuary)

   [ring of wizardry]

   It improves your spell success rate.
   It affects your intelligence (+2).
   It affects your dexterity (+5).
   It lets you see invisible.
Wands
 j - a wand of lightning (9/15)
 C - a wand of digging (8/24)
Scrolls
 c - a scroll of enchant armour {unknown}
 e - 6 scrolls of identify {unknown}
 h - a scroll of teleportation {unknown}
 n - 2 scrolls of fog {unknown}
 p - 5 scrolls of remove curse {unknown}
 t - a scroll of magic mapping {unknown}
 v - 2 scrolls of recharging {unknown}
 y - a scroll of vulnerability {unknown}
Potions
 d - a potion of mutation {unknown}
 g - a potion of invisibility {unknown}
 m - 2 potions of haste {unknown}
 u - 2 potions of curing
 w - 3 potions of flight {unknown}
 x - 2 potions of lignification {unknown}
 z - 2 potions of berserk rage {unknown}
Comestibles
 f - 2 bread rations
 i - 3 meat rations
 k - 2 beef jerkies
 s - a royal jelly
 A - 3 chunks of flesh
 B - a slice of pizza


   Skills:
 + Level 6.3 Fighting
 * Level 8.5 Axes
 + Level 5.8 Armour
   Level 3.2 Shields
 + Level 4.4 Invocations


You had 7 spell levels left.
You didn't know any spells.


You were on level 7 of the Dungeon.
You worshipped Makhleb.
Makhleb was most pleased with you.
You were not hungry.

You visited 1 branch of the dungeon, and saw 5 of its levels.
You also visited: Ossuary.

You collected 127 gold pieces.

........)))........
..#####......#####.
..#...#......#...#
..#...#....(.'...#
..'...#......#...#
..#...#......#...#
..##..#......#...##
...#..#......#.yy.#
...#..#......+.y@.#
...#..#......#.y4.#
...'..#......#....#
...#..# #...##
...#..# #...#
...####. #...#
........# #...+
.....[..# ....#
........#

Notes
Turn   | Place    | Note
--------------------------------------------------------------
     0 | D:1      | ololoev the Hill Orc Fighter began the quest for the Orb.
     0 | D:1      | Reached XP level 1. HP: 19/19 MP: 1/1
   134 | D:1      | Reached skill level 3 in Axes
   328 | D:3      | Reached XP level 2. HP: 20/27 MP: 2/2
   464 | D:3      | Noticed Robin
   472 | D:3      | Killed Robin
   472 | D:3      | Reached skill level 4 in Axes
   472 | D:3      | Reached XP level 3. HP: 27/33 MP: 3/3
   486 | D:3      | Found a shattered altar of Ashenzari.
   486 | D:3      | Found a burning altar of Makhleb.
   494 | D:3      | Became a worshipper of Makhleb the Destroyer
   832 | D:1      | Reached skill level 1 in Invocations
   868 | D:1      | Reached XP level 4. HP: 40/40 MP: 4/4
  1200 | D:2      | Reached * piety under Makhleb
  1497 | D:2      | Found a glowing golden altar of the Shining One.
  1674 | D:2      | Reached skill level 5 in Axes
  1691 | D:2      | Reached XP level 5. HP: 46/46 MP: 5/5
  1773 | D:2      | Found a faded altar to an unknown god.
  1889 | D:2      | Found a deep blue altar of Sif Muna.
  2177 | D:3      | Reached ** piety under Makhleb
  2503 | D:4      | Found a staircase to the Ecumenical Temple.
  2569 | D:4      | Found a radiant altar of Vehumet.
  2569 | D:4      | Noticed a frost-covered statue
  2601 | D:4      | Found a sand-covered staircase.
  2607 | D:4      | Reached XP level 6. HP: 49/55 MP: 7/7
  2618 | Ossuary  | Entered an ossuary
  2618 | Ossuary  | Noticed a wraith
  2618 | Ossuary  | Noticed a wraith
  2618 | Ossuary  | Noticed a wraith
  2843 | Ossuary  | Got a flickering turquoise ring
  2856 | Ossuary  | Noticed a wraith
  2874 | Ossuary  | Killed a wraith
  2874 | Ossuary  | Reached skill level 5 in Fighting
  2874 | Ossuary  | Reached skill level 6 in Axes
  2874 | Ossuary  | Reached skill level 5 in Armour
  2878 | Ossuary  | Identified the ring "Weblimev" {Wiz Int+2 Dex+5 SInv} (You found it in an ossuary)
  3208 | Ossuary  | Reached XP level 7. HP: 61/61 MP: 9/9
  3273 | D:4      | Noticed Menkaure
  3280 | D:4      | Killed Menkaure
  3361 | D:4      | Reached skill level 7 in Axes
  3399 | D:4      | Reached *** piety under Makhleb
  3924 | D:4      | Noticed Crazy Yiuf
  3934 | D:4      | Killed Crazy Yiuf
  4080 | D:4      | You fall through a shaft for 3 floors!
  4154 | D:7      | Reached XP level 8. HP: 64/70 MP: 9/11
  4158 | D:7      | Reached skill level 8 in Axes
  4224 | D:7      | Gained mutation: You regenerate slowly when monsters are visible. [mutagenic meat]
  4225 | D:7      | Gained mutation: You are weak. (Str -2) [mutagenic meat]
  4226 | D:7      | Gained mutation: Your mind is acute. (Int +2) [mutagenic meat]
  4227 | D:7      | Gained mutation: You have a pair of small antennae on your head. [mutagenic meat]
  4229 | D:7      | Lost mutation: Your mind is acute. (Int +2) [mutagenic meat]
  4572 | D:7      | HP: 3/70 [killer bee (8)]
  4574 | D:7      | Slain by a killer bee

Dungeon Overview and Level Annotations

Branches:
Dungeon (4/15)             Temple (0/1) D:4

Altars:
Ashenzari
Makhleb
Sif Muna
Vehumet
The Shining One

Annotations:
D:4 exclusion: statue


Message History

The killer bee closely misses you.
Your hellwing blocks the killer bee's attack.
Your hellwing swoops through the air toward the killer bee!
Your hellwing hits the killer bee!
Your hellwing completely misses the killer bee.
Your hellwing blocks the killer bee's attack.
Unknown command.
You closely miss the killer bee.
The killer bee is almost dead.
You barely miss the killer bee.
The killer bee is lightly wounded.
You barely miss the killer bee.
The killer bee is moderately wounded.
You hit the killer bee.
The killer bee is lightly wounded.
The killer bee stings you but does no damage.
The killer bee barely misses you. The killer bee stings you.
The killer bee stings you but does no damage.
The killer bee stings you.
The killer bee stings you but does no damage.
The killer bee stings you.
Your hellwing hits the killer bee.
The killer bee dies!
Makhleb accepts your kill.
The killer bee stings you but does no damage.
The killer bee stings you. The killer bee barely misses you.
The killer bee stings you but does no damage.
The killer bee stings you. The killer bee closely misses you.
The killer bee stings you.
You are poisoned.
The killer bee poisons you!
You see here a killer bee corpse.
Unknown command.
Drink which item? (? for menu, Esc to quit)
You feel better. The killer bee stings you.
You are poisoned.
The killer bee poisons you!
The killer bee stings you but does no damage. x2
The killer bee closely misses you. x2
The killer bee stings you but does no damage.
Your hellwing misses the killer bee.
Your hellwing closely misses the killer bee.
The killer bee misses you.
The killer bee stings you but does no damage.
Unknown command.
Unknown command.
You miss the killer bee.
The killer bee is moderately wounded.
You closely miss the killer bee.
The killer bee is lightly wounded.
You miss the killer bee. You slash the killer bee!
The killer bee is heavily wounded.
You feel sick.
The killer bee stings you but does no damage. x2
The killer bee misses you. The killer bee barely misses you.
The killer bee stings you. x2; Your hellwing hits the killer bee!
Your hellwing closely misses the killer bee.
The killer bee stings you! The killer bee closely misses you.
Unknown command.
Unknown command.
Drink which item? (? for menu, Esc to quit)
You feel better.
The killer bee stings you but does no damage.
The killer bee misses you.
The killer bee stings you but does no damage.
The killer bee barely misses you.
The killer bee stings you but does no damage.
The killer bee stings you.
Your hellwing hits the killer bee but does no damage.
Your hellwing misses the killer bee. The killer bee stings you.
You are poisoned.
The killer bee poisons you! The killer bee closely misses you.
Unknown command.
Drink which item? (? for menu, Esc to quit)
You feel better.
The killer bee stings you but does no damage. x2
The killer bee barely misses you. The killer bee stings you!
You are lethally poisoned!
The killer bee poisons you! The killer bee misses you.
The killer bee stings you!
You die...

You could see 4 killer bees and a friendly hellwing.

Vanquished Creatures
  A wraith (Ossuary)
  Menkaure (D:4)
  A sky beast (D:7)
  2 killer bees (D:7)
  2 hounds (D:4)
  An orc priest (D:4)
  A centaur skeleton (D:4)
  2 orc wizards
  An iguana (D:4)
  A worker ant (D:4)
  A big kobold zombie (Ossuary)
  4 mummies
  Robin (D:3)
  9 adders
  An adder skeleton (D:4)
  4 worms
  3 dart slugs
  5 giant geckos
  22 orcs
  4 giant cockroaches
  A gnoll zombie (Ossuary)
  19 goblins
  8 hobgoblins
  6 jackals
  A quokka (D:4)
  A ball python (D:3)
  12 bats
  2 giant newts
  4 goblin zombies (Ossuary)
  2 hobgoblin zombies (Ossuary)
  5 kobolds
  A kobold zombie (Ossuary)
  5 rats
134 creatures vanquished.

Vanquished Creatures (collateral kills)
  3 killer bees (D:7)
  Crazy Yiuf (D:4)
  An iguana (D:7)
5 creatures vanquished.

Grand Total: 139 creatures vanquished

Action                   |  1- 3 |  4- 6 |  7- 9 || total
-------------------------+-------+-------+-------++-------
Melee: War axe           |    70 |   211 |   136 ||   417
Invok: Lesser Servant of |       |       |     3 ||     3
  Use: Potion            |     1 |     3 |     4 ||     8
  Eat: Chunk             |       |     7 |    11 ||    18
Armor: Scale mail        |    39 |   117 |    87 ||   243
Dodge: Dodged            |    52 |   121 |    85 ||   258

Vault maps used:
D:1:      wheals_arrival_shading
D:2:      overflow_temple_1_default, led_sif_pool, ecumenical_altar_2,
          minmay_misc_feat_hallway, hangedman_feature_mirror,
          minmay_misc_feat_doors
D:3:      gammafunk_temple_overflow_statue, first_bread, uniq_robin
D:4:      vehumet_statue, lemuel_crystal_altar, minmay_temple_entry_statues,
          gup_ossuary_entry_pyramid, st_stairs_3, nicolae_ru_path_of_blood,
          uniq_crazy_yiuf_cottage, uniq_menkaure, uniq_edmund
D:7:      minivault_5
Ossuary:  ossuary_kennysheep_city_of_the_dead
